 Dungeon Crawl Stone Soup version 0.27.0-1-g7a089689b8 (webtiles) character file.

Game seed: 6011820267639385651

68052 freelancePsychic the Warrior (level 15, -4/120 HPs)
             Began as a Djinni Air Elementalist on July 31, 2021.
             Was the Champion of Makhleb.
             Slain by a manticore (5 damage)
             ... on level 10 of the Dungeon.
             The game lasted 00:41:00 (20029 turns).

freelancePsychic the Warrior (DjAE)                Turns: 20029, Time: 00:41:01

Health: -4/120     AC: 10    Str:  7    XL:     15   Next: 68%
Gold:   1548       EV: 15    Int: 23    God:    Makhleb [******] SH: 10 Dex: 14

rFire    + . .     SeeInvis .   h - +0 dagger (drain)
rCold    . . .     Faith    .   O - +0 kite shield
rNeg     . . .     Spirit   .   X - +0 troll leather armour
rPois    ∞         Reflect  .   (no helmet)
rElec    .         Harm     .   v - +0 cloak
rCorr    .         Rampage  .   n - +0 pair of gloves
Will     +....                  (boots unavailable)
Stlth    ++........             B - amulet of regeneration
HPRegen  2.30/turn              w - ring of ice
MPRegen  0.00/turn              j - +4 ring of protection

@: spiked, flying
A: sickness immunity, fire resistance 2, cold vulnerability 1, float, innate
caster, hp casting, extra vitality 1
a: Renounce Religion, Minor Destruction, Lesser Servant of Makhleb, Major
Destruction, Greater Servant of Makhleb


You were on level 10 of the Dungeon.
You worshipped Makhleb.
Makhleb was exalted by your worship.
You visited 4 branches of the dungeon, and saw 20 of its levels.

You collected 2055 gold pieces.
You spent 507 gold pieces at shops.

Inventory:

Hand Weapons
 h - a +0 dagger of draining (weapon)
Armour
 a - a +0 robe
 n - a +0 pair of gloves (worn)
 v - a +0 cloak (worn)
 O - a +0 kite shield (worn)
 X - a +0 troll leather armour (worn)
Magical Staves
 C - a staff of earth
 P - a staff of fire
Jewellery
 e - a ring of wizardry
 j - a +4 ring of protection (right hand)
 w - a ring of ice (left hand)
 B - an amulet of regeneration (around neck)
 M - the amulet "Juef" {Acrobat Harm rF+}
   (You found it on level 4 of the Lair of Beasts)

   [amulet of the acrobat]

   It increases your evasion while moving and waiting.
   rF:        It protects you from fire.
   Harm:      It increases damage dealt and taken.
 Q - a +4 ring of protection
 R - a +6 ring of strength
 S - a ring of wizardry
 V - a ring of ice
Wands
 p - a wand of digging (1)
 s - a wand of flame (44)
 G - a wand of paralysis (5)
 H - a wand of iceblast (9)
 L - a wand of charming (12)
 W - a wand of polymorph (7)
Scrolls
 b - 10 scrolls of teleportation {@r4}
 f - 3 scrolls of magic mapping {unknown}
 k - 6 scrolls of vulnerability {unknown}
 m - 2 scrolls of enchant weapon {unknown}
 o - 6 scrolls of immolation {unknown}
 r - 3 scrolls of enchant armour {unknown}
 u - 16 scrolls of identify {@r1}
 x - 3 scrolls of noise {unknown}
 y - a scroll of summoning {unknown}
 A - 3 scrolls of amnesia {unknown}
 F - 5 scrolls of fear {unknown}
 I - a scroll of torment {unknown}
 J - 6 scrolls of blinking
 N - 2 scrolls of brand weapon {unknown}
 U - a scroll of silence {unknown}
Potions
 c - 4 potions of flight {unknown}
 d - 9 potions of heal wounds {unknown}
 g - 4 potions of degeneration {unknown}
 i - 2 potions of magic {unknown}
 l - 5 potions of lignification {unknown}
 q - a potion of ambrosia {unknown}
 t - 5 potions of curing {unknown}
 z - 3 potions of might {unknown}
 D - 2 potions of mutation {unknown}
 E - 2 potions of cancellation {unknown}
 K - a potion of berserk rage {unknown}
 T - a potion of attraction {unknown}


   Skills:
 - Level 15.5 Fighting
 - Level 10.6 Dodging
 - Level 1.5 Stealth
 + Level 9.7 Shields
 - Level 11.5 Spellcasting
 + Level 8.0 Invocations


You had 2 spell levels left.
You knew the following spells:

 Your Spells              Type           Power      Damage    Failure   Level
a - Shock                 Conj/Air       100%       1d9       1%          1
b - Static Discharge      Conj/Air       60%        N/A       1%          2
c - Swiftness             Air            60%        N/A       1%          3
d - Airstrike             Air            30%        N/A       1%          4
e - Lightning Bolt        Conj/Air       30%        1d47      3%          5
f - Call Imp              Summ           60%        N/A       1%          2
g - Spider Form           Tmut/Pois      30%        N/A       1%          3
h - Cause Fear            Hex            30%        N/A       1%          4
i - Animate Dead          Necr           30%        N/A       1%          4
j - Apportation           Tloc           100%       N/A       1%          1
k - Simulacrum            Ice/Necr       39%        N/A       19%         6
Your spell library was empty.

Dungeon Overview and Level Annotations

Branches:
Dungeon (11/15)            Temple (1/1) D:5            Lair (6/6) D:8
  Swamp (0/4) Lair:4        Snake (0/4) Lair:3        Slime (0/5) Lair:6
    Orc (2/2) D:10            Elf (0/3) Orc:2

Altars:
Cheibriados
Dithmenos
Elyvilon
Gozag
Kikubaaqudgha
Makhleb
Nemelex Xobeh
Ru
Sif Muna
Trog
Uskayaw
Vehumet
Wu Jian
Xom
Zin
Beogh
Jiyva

Shops:
Orc:2 [*=?

Annotations:
D:3 4 runed translucent doors, Crazy Yiuf; Nausicaa's ghost, amateur NaWr
D:7 2 transporters, pukegreen's ghost, novice MiFi
Lair:2 exclusion: oklob plant


Innate Abilities, Weirdness & Mutations

You are immune to sickness and miasma.
You are immune to poison.
Your flesh is very heat resistant. (rF++)
You are vulnerable to cold. (rC-)
You float through the air rather than walking.
You learn spells naturally, not from books.
Your magical power is your life essence.
You have superior vitality. (+4 HP)


Message History

You carefully extract the barbed spikes from your body.
You start resting.
HP restored.
You fly downwards.
The cyan ugly thing punches you but does no damage.
The cyan ugly thing punches you! The cyan ugly thing shocks you!
There is a stone staircase leading up here.
The manticore closely misses you. The manticore misses you.
The manticore claws you but does no damage.
The cyan ugly thing punches you. The cyan ugly thing shocks you!
You fly upwards.
There is a stone staircase leading down here.
You block the manticore's attack. The manticore claws you. x2
The cyan ugly thing punches you. The cyan ugly thing shocks you!
The manticore flicks its tail.
The volley of spikes hits you.
The barbed spikes become lodged in your body.
There is an escape hatch in the ceiling here.
The barbs in your skin will harm you if you move.
Continue?
Okay, then.
The barbs in your skin will harm you if you move.
Continue?
Okay, then.
A demon appears!
The cyan ugly thing punches you! The cyan ugly thing shocks you!
* * * LOW HITPOINT WARNING * * *
The barbs in your skin will harm you if you move.
Continue?
Okay, then.
The cyan ugly thing closely misses you. The manticore closely misses you.
The manticore barely misses you. The manticore misses you.
Your orange demon closely misses the cyan ugly thing.
Your orange demon barely misses the cyan ugly thing.
The barbs in your skin will harm you if you move.
Continue?
The cyan ugly thing punches you.
* * * LOW HITPOINT WARNING * * *
The cyan ugly thing shocks you!
* * * LOW HITPOINT WARNING * * *
The manticore bites you!
* * * LOW HITPOINT WARNING * * *
You block the manticore's attack. The manticore claws you.
You die...

### #.# #.#########
#..........
#.######### #.#
###### #.#
#)...######.#########
#>.u@................
#.4H.####.#.#########
#....# #...# #....#
##### #....# #....#
#....# ###....#
#......# ###


You could see a cyan ugly thing (ally target), a manticore and a friendly orange
demon (summoned).

Vanquished Creatures
  Gastronok (D:9)
  An orc warlord (Orc:2)
  The ghost of pikapanic92 the Carver, a journeyman DsBe of Trog (Orc:2)
  Fannar (D:10)
  7 hydras
  3 catoblepae (Lair:6)
  11 death yaks
  3 two-headed ogres
  An orc high priest (Orc:2)
  Sonja (Lair:1)
  4 skeletal warriors
  5 orc knights
  2 orc sorcerers (Orc:2)
  2 oklob plants (Lair:5)
  A manticore (Lair:6)
  26 elephants
  4 black mambas
  A centaur zombie (D:11)
  11 cane toads
  Maurice (D:9)
  An unseen horror (D:10)
  A torpor snail (Lair:1)
  A rime drake (Lair:2)
  9 komodo dragons
  4 trolls
  A hornet (Lair:5)
  2 dream sheep
  13 blink frogs
  Sigmund (D:4)
  A vampire (D:9)
  45 yaks
  4 wyverns
  2 wraiths (D:10)
  2 basilisks
  A steam dragon (D:10)
  Menkaure (D:7)
  4 wargs
  2 nagas (Lair:3)
  4 swamp worms (Lair:4)
  14 water moccasins
  31 orc warriors
  4 black bears
  2 necrophages
  6 wolves
  8 ogres
  6 centaurs
  Blork the orc (Orc:2)
  A kobold brigand (D:8)
  22 bullfrogs
  A water moccasin zombie (D:5)
  3 scorpions
  18 killer bees
  2 howler monkeys
  An electric eel (Lair:2)
  17 orc priests
  4 jellies
  2 gnoll shamans
  2 bullfrog skeletons
  2 hounds
  22 orc wizards
  Ijyb (D:5)
  5 iguanas
  7 hell rats (Lair:6)
  A killer bee zombie (D:7)
  A hound skeleton (D:5)
  Robin (D:4)
  9 adders
  8 gnolls
  2 white imps
  86 orcs
  2 ball pythons (D:1)
  10 bats
  6 endoplasms
  4 giant cockroaches
  14 goblins
  8 hobgoblins
  4 jackals (D:3)
  2 quokkas
  14 kobolds
  14 rats
554 creatures vanquished.

Vanquished Creatures (collateral kills)
  An ogre (D:4)
1 creature vanquished.

Vanquished Creatures (others)
  5 bushes (Lair:4)
  54 fungi
  91 plants
150 creatures vanquished.

Grand Total: 705 creatures vanquished

Notes
Turn   | Place    | Note
-------+----------+-------------------------------------------
     0 | D:1      | freelancePsychic the Djinni Air Elementalist began the
                  | quest for the Orb.
     0 | D:1      | Reached XP level 1. HP: 15/15 MP: 0/0
   224 | D:1      | Reached XP level 2. HP: 19/22 MP: 0/0
   544 | D:1      | Reached skill level 1 in Fighting
   968 | D:2      | Reached XP level 3. HP: 23/27 MP: 0/0
   968 | D:2      | Learned a level 1 spell: Apportation
  1711 | D:2      | Reached XP level 4. HP: 24/32 MP: 0/0
  2643 | D:3      | Reached skill level 2 in Fighting
  2764 | D:3      | Noticed an ogre
  2773 | D:3      | Killed an ogre
  2774 | D:3      | Reached XP level 5. HP: 9/39 MP: 0/0
  2774 | D:3      | Learned a level 2 spell: Call Imp
  3211 | D:3      | Reached XP level 6. HP: 30/45 MP: 0/0
  3377 | D:3      | Found a runed translucent gate.
  3378 | D:3      | Found a runed translucent gate.
  3378 | D:3      | Found a runed translucent gate.
  3472 | D:3      | Found an ornate altar of the Wu Jian Council.
  3561 | D:3      | Reached skill level 3 in Fighting
  3600 | D:3      | Found a snail-covered altar of Cheibriados.
  3692 | D:3      | Found a runed translucent door.
  3693 | D:3      | Noticed Crazy Yiuf
  4053 | D:3      | Noticed Nausicaa's ghost (amateur NaWr)
  4119 | D:4      | Found a shimmering altar of Xom.
  4131 | D:4      | Noticed an ogre
  4154 | D:4      | Killed an ogre
  4353 | D:4      | Noticed Robin
  4361 | D:4      | Killed Robin
  4539 | D:4      | Noticed Sigmund
  4563 | D:4      | Killed Sigmund
  4564 | D:4      | Reached skill level 5 in Spellcasting
  4564 | D:4      | Reached XP level 7. HP: 33/51 MP: 0/0
  4564 | D:4      | Learned a level 3 spell: Spider Form
  4567 | D:4      | Reached skill level 4 in Fighting
  4693 | D:4      | Found a burning altar of Makhleb.
  4703 | D:4      | Became a worshipper of Makhleb the Destroyer
  4837 | D:4      | Found a shadowy altar of Dithmenos.
  5105 | D:4      | Found a glowing silver altar of Zin.
  5136 | D:4      | Found an opulent altar of Gozag.
  5268 | D:5      | Entered Level 5 of the Dungeon
  5437 | D:5      | Found a staircase to the Ecumenical Temple.
  5577 | D:5      | Reached XP level 8. HP: 54/58 MP: 0/0
  5680 | Temple   | Entered the Ecumenical Temple
  5696 | D:5      | Noticed Ijyb
  5712 | D:5      | Killed Ijyb
  5925 | D:5      | Reached skill level 5 in Fighting
  6599 | D:6      | Found a bloodstained altar of Trog.
  6769 | D:6      | Identified the +0 leather armour of Pemaehor {-Tele Will++
                  | Int+2}
  6870 | D:6      | Reached XP level 9. HP: 62/66 MP: 0/0
  6870 | D:6      | Learned a level 4 spell: Cause Fear
  6934 | D:6      | Reached * piety under Makhleb
  7169 | D:6      | Found a sacrificial altar of Ru.
  7173 | D:6      | Reached skill level 6 in Fighting
  7406 | D:6      | Reached skill level 1 in Invocations
  8127 | D:7      | Reached skill level 7 in Fighting
  8556 | D:7      | Found a transporter.
  8556 | D:7      | Noticed pukegreen's ghost (novice MiFi)
  8567 | D:7      | Noticed Menkaure
  8571 | D:7      | Killed Menkaure
  8789 | D:7      | Found a transporter.
  8795 | D:7      | Found a white marble altar of Elyvilon.
  8985 | D:7      | Found a sparkling altar of Nemelex Xobeh.
  9092 | D:7      | Reached skill level 8 in Fighting
  9124 | D:7      | Reached skill level 5 in Invocations
  9124 | D:7      | Reached XP level 10. HP: 70/76 MP: 0/0
  9291 | D:8      | Noticed a two-headed ogre
  9395 | D:8      | Reached ** piety under Makhleb
  9505 | D:8      | Reached skill level 9 in Fighting
  9627 | D:8      | Found a staircase to the Lair.
  9779 | D:8      | Killed a two-headed ogre
  9998 | Lair:1   | Entered Level 1 of the Lair of Beasts
 10007 | Lair:1   | Noticed a komodo dragon
 10012 | Lair:1   | Noticed a black mamba
 10020 | Lair:1   | Killed a komodo dragon
 10234 | Lair:1   | Noticed a black mamba
 10238 | Lair:1   | Killed a black mamba
 10239 | Lair:1   | Reached skill level 10 in Fighting
 10257 | Lair:1   | Noticed a cane toad
 10263 | Lair:1   | Killed a cane toad
 10264 | Lair:1   | Reached XP level 11. HP: 75/85 MP: 0/0
 10264 | Lair:1   | Learned a level 4 spell: Animate Dead
 10345 | Lair:1   | Noticed Sonja
 10348 | Lair:1   | Killed Sonja
 10349 | Lair:1   | Reached skill level 5 in Dodging
 10519 | Lair:1   | Reached skill level 11 in Fighting
 10582 | Lair:1   | Noticed a death yak
 10616 | Lair:1   | Killed a death yak
 10667 | Lair:1   | Noticed a death yak
 10701 | Lair:1   | Killed a death yak
 11075 | Lair:2   | Noticed an oklob plant
 11224 | Lair:2   | Reached XP level 12. HP: 86/95 MP: 0/0
 11253 | Lair:2   | Reached *** piety under Makhleb
 11254 | Lair:2   | Reached skill level 12 in Fighting
 12366 | Lair:3   | Found a staircase to the Snake Pit.
 12387 | Lair:3   | Reached skill level 13 in Fighting
 12722 | Lair:4   | Noticed a death yak
 12722 | Lair:4   | Noticed a death yak
 12722 | Lair:4   | Noticed a death yak
 12912 | Lair:4   | Reached skill level 10 in Spellcasting
 12918 | Lair:4   | Reached XP level 13. HP: 90/103 MP: 0/0
 12918 | Lair:4   | Learned a level 5 spell: Lightning Bolt
 13000 | Lair:4   | Reached **** piety under Makhleb
 13024 | Lair:4   | Noticed an eight-headed hydra
 13170 | Lair:4   | Reached skill level 14 in Fighting
 13272 | Lair:4   | Noticed a seven-headed hydra
 13277 | Lair:4   | Killed a seven-headed hydra
 13425 | Lair:4   | Noticed a four-headed hydra
 13430 | Lair:4   | Killed a four-headed hydra
 13824 | Lair:4   | Identified the amulet "Juef" {Acrobat Harm rF+}
 13841 | Lair:4   | Found a staircase to the Swamp.
 14003 | Lair:4   | Killed an eight-headed hydra
 14391 | Lair:5   | Noticed a six-headed hydra
 14398 | Lair:5   | Reached skill level 10 in Dodging
 14402 | Lair:5   | Killed a six-headed hydra
 14483 | Lair:4   | Reached XP level 14. HP: 61/112 MP: 0/0
 14667 | Lair:5   | Reached ***** piety under Makhleb
 14738 | Lair:5   | Reached skill level 1 in Shields
 15087 | Lair:6   | Entered Level 6 of the Lair of Beasts
 15654 | Lair:6   | Found a viscous altar of Jiyva.
 15659 | Lair:6   | Found a staircase to the Slime Pits.
 15872 | Lair:6   | Reached skill level 5 in Shields
 16041 | Lair:6   | Reached skill level 15 in Fighting
 16585 | D:9      | Noticed Gastronok
 16595 | D:9      | Killed Gastronok
 16596 | D:9      | Reached XP level 15. HP: 102/120 MP: 0/0
 16596 | D:9      | Learned a level 6 spell: Simulacrum
 16673 | D:9      | Reached ****** piety under Makhleb
 16735 | D:9      | Noticed Maurice
 16739 | D:9      | Killed Maurice
 17093 | D:10     | Entered Level 10 of the Dungeon
 17323 | D:10     | Found a staircase to the Orcish Mines.
 17800 | D:10     | Noticed Fannar
 17808 | D:10     | Killed Fannar
 18095 | Orc:1    | Entered Level 1 of the Orcish Mines
 18650 | Orc:2    | Entered Level 2 of the Orcish Mines
 18680 | Orc:2    | Found a staircase to the Elven Halls.
 18773 | Orc:2    | Noticed an orc warlord
 19085 | Orc:2    | Noticed Blork the orc
 19088 | Orc:2    | Killed Blork the orc
 19117 | Orc:2    | Found Xoineg's Antique Weapon Boutique.
 19161 | Orc:2    | Killed an orc warlord
 19163 | Orc:2    | Found Ibats's Jewellery Boutique.
 19419 | Orc:2    | Found a runed translucent door.
 19421 | Orc:2    | Noticed pikapanic92's ghost (journeyman DsBe)
 19452 | Orc:2    | Found Sinas's General Store.
 19480 | Orc:2    | Found Reimoil's Antique Armour Boutique.
 19503 | Orc:2    | Bought a scroll of blinking for 112 gold pieces
 19531 | Orc:2    | Found Xyruyr's Magic Scroll Emporium.
 19539 | Orc:2    | Bought a scroll of blinking for 97 gold pieces
 19539 | Orc:2    | Bought a scroll of blinking for 97 gold pieces
 19539 | Orc:2    | Bought a scroll of blinking for 97 gold pieces
 19539 | Orc:2    | Bought a scroll of identify for 26 gold pieces
 19539 | Orc:2    | Bought a scroll of teleportation for 39 gold pieces
 19539 | Orc:2    | Bought a scroll of teleportation for 39 gold pieces
 19748 | Orc:2    | Killed pikapanic92's ghost
 20029 | D:10     | HP: 1/120 [manticore (17)]
 20029 | D:10     | Slain by a manticore

Illustrated notes

Levels and vault maps discovered:
D:1:      beargit_arrival_greenhouse, layout_basic
D:2:      layout_basic, minmay_rat_gold_closets
D:3:      layout_loops_ring, gammafunk_temple_overflow_forgotten,
          lemuel_doored_altar, gammafunk_ghost_icy, uniq_crazy_yiuf_cottage
D:4:      layout_loops_ring, pdpol_temple_overflow_zin_treasury_gozag_greed,
          mainiacjoe_overflow_catwalk, grunt_dithmenos_smoke_and_mirrors,
          amcnicky_altar_gilded, uniq_sigmund, uniq_robin
D:5:      minmay_skewed_foursquare, layout_basic, temple_statues, dk_vineyard_3,
          uniq_ijyb
D:6:      layout_basic, trog_ov_bears_minmay,
          nicolae_ru_great_annihilating_truth, minmay_checkerbox
D:7:      layout_rooms, overflow_temple_1_default, mainiacjoe_overflow_brackets,
          gammafunk_ghost_mausoleum, serial_rivers,
          chequers_serial_rivers_marsh, chequers_serial_rivers_small_b,
          chequers_serial_rivers_micro_a, chequers_serial_rivers_micro_e,
          chequers_serial_rivers_marsh, grunt_ministairs_11, uniq_menkaure
D:8:      layout_basic, grunt_lair_entry_orc_guard_hut
D:9:      layout_roguey [special_room_orc], nzn_life_drinkers, uniq_gastronok,
          uniq_maurice
D:10:     layout_basic, orc_0_dummy, uniq_fannar
D:11:     layout_cave_pools
Temple:   dpeg_three_leaves_temple
Lair:1:   layout_loops_ring, uniq_sonja
Lair:2:   layout_long_grid, minmay_lair_oklob_bushes, serial_bayou_shore_a,
          grunt_megastairs_2
Lair:3:   layout_chaotic_city, guppyfry_snake_entry_island
Lair:4:   beast_lair_carwin_large_1, layout_regular_city,
          palyth_hydra_swamp_entry, minivault_26, minmay_hedge_maze,
          infiniplex_staircase_pool
Lair:5:   nzn_winding_woodlands_small [nzn_winding_woodlands_5x15_concentric,
          nzn_winding_woodlands_center_garden,
          nzn_winding_woodlands_5x15_pathside_ponds], layout_regular_city,
          minmay_lair_oklob_chamber
Lair:6:   evilmike_catoblepas_cave, layout_gridlike, slime_altar_1,
          lemuel_fruit_fields, grunt_megastairs_4
Orc:1:    layout_caves
Orc:2:    grunt_orc_cross, layout_caves, basic_altar, serial_shops,
          nicolae_lakefront_shop, ebering_ghost_reflecting_pool

Skill      XL: |  1  2  3  4  5  6  7  8  9 10 11 12 13 14 15 |
---------------+----------------------------------------------+-----
Fighting       | 1 2 3 4 5 8 10 11 13 14 15 | 15.5
Spellcasting   | 3 4 5 6 7 8 10 11 | 11.5
Invocations    | 5 8 |  8.0
Dodging        | 3 7 10 | 10.6
Shields        | 7 9 |  9.7
Stealth        | |  1.5

Action                   |  1- 3 |  4- 6 |  7- 9 | 10-12 | 13-15 || total
-------------------------+-------+-------+-------+-------+-------++-------
Melee: Dagger            |       |    15 |     5 |       |     3 ||    23
 Cast: Shock             |    71 |    95 |    11 |       |       ||   177
       Static Discharge  |       |    10 |    24 |    63 |    53 ||   150
       Call Imp          |       |     7 |       |       |       ||     7
       Airstrike         |       |       |   100 |   245 |   440 ||   785
       Cause Fear        |       |       |       |     2 |       ||     2
       Lightning Bolt    |       |       |       |       |   183 ||   183
       Swiftness         |       |       |       |       |     1 ||     1
Invok: Lesser Servant of |       |       |       |       |     2 ||     2
 Stab: Sleeping          |       |       |     1 |       |       ||     1
Armor: Robe              |     4 |     3 |     4 |    20 |    36 ||    67
       Troll leather arm |       |       |       |       |    11 ||    11
Dodge: Dodged            |    11 |    14 |    15 |    60 |   124 ||   224
Block: Kite shield       |       |       |       |       |    41 ||    41
